 Dungeon Crawl Stone Soup version 0.29.1-15-g9cfb28693d (webtiles) character file.

Game seed: 12840367107232881811

67 Danienth the Shooter (level 4, -5/35 HPs)
             Began as a Formicid Hunter on Apr 9, 2023.
             Engulfed by a cloud of flame (24 damage)
             ... on level 2 of the Dungeon.
             The game lasted 00:13:45 (2206 turns).

Danienth the Shooter (Formicid Hunter)              Turns: 2206, Time: 00:13:46

Health: -5/35      AC:  8    Str: 16    XL:     4   Next: 38%
Magic:  4/4        EV: 13    Int: 10    God:
Gold:   14         SH:  0    Dex: 17    Spells: 3/3 levels left

rFire   . . .      SeeInvis +   a - +0 shortbow
rCold   . . .      Faith    .   (no shield)
rNeg    . . .      Spirit   .   m - +5 robe of Night {Dark Will+ SInv}
rPois   .          Reflect  .   (helmet unavailable)
rElec   .          Harm     .   l - +0 cloak
rCorr   .          Rampage  .   (no gloves)
Will    +....                   (no boots)
Stlth   ++........              (no amulet)
HPRegen 0.11/turn               (no ring)
MPRegen 0.09/turn               (no ring)

@: no status effects
A: permanent stasis, dig shafts and tunnels, antennae 3, four strong arms
a: Dig, Shaft Self


You were on level 2 of the Dungeon.
You visited 1 branch of the dungeon, and saw 2 of its levels.

You collected 51 gold pieces.
You spent 37 gold pieces at shops.

Inventory:

Hand Weapons
 a - a +0 shortbow (weapon)
Armour
 l - a +0 cloak (worn)
 m - the +5 robe of Night (worn) {Dark Will+ SInv}
   (You found it on level 2 of the Dungeon)

   It shrouds the wearer in darkness, reducing the range at which they can see
   and be seen by others.
   SInv:      It lets you see invisible.
   Will:      It increases your willpower.
Scrolls
 b - a scroll of immolation
 d - a scroll of identify {unknown}
Potions
 c - 2 potions of attraction {unknown}
 e - a potion of ambrosia {unknown}
 h - a potion of degeneration {unknown}
 i - a potion of heal wounds {unknown}
 j - 2 potions of resistance {unknown}


   Skills:
 + Level 3.0 Fighting
 + Level 4.4 Ranged Weapons
 + Level 2.4 Dodging
 + Level 2.6 Stealth


You had 3 spell levels left.
You didn't know any spells.
Your spell library was empty.

Dungeon Overview and Level Annotations

Branches:
Dungeon (2/15)

Altars:

Shops:
D:2 *


Innate Abilities, Weirdness & Mutations

You cannot be hasted, slowed, berserked, paralysed or teleported.
You can dig through walls and to a lower floor.
You have a pair of large antennae on your head. (SInv)
Your four strong arms can wield two-handed weapons with a shield.


Message History

A rat comes into view.
The rat closely misses you.
Fire: a) +0 shortbow
Press: ? - help, Q - select action, (/) - cycle Shift-Dir - straight line, f - rat
Aim: a rat (63% to hit)
You shoot an arrow. The arrow closely misses the rat.
The rat closely misses you. The rat bites you but does no damage.
A rat comes into view.
Fire: a) +0 shortbow
Press: ? - help, Q - select action, (/) - cycle Shift-Dir - straight line, f/p - rat
Aim: a rat (63% to hit)
You shoot an arrow. The arrow hits the rat.
You kill the rat!
The rat bites you.
Okay, then.
Okay, then.
Really read the scroll of immolation?
As you read the scroll of immolation, it crumbles to dust.
The creatures around you are filled with an inner flame!
The rat bites you. The rat attacks as you move away! The rat barely misses you.
The rat attacks as you move away! The rat bites you but does no damage.
The rat attacks as you move away! The rat barely misses you.
The rat attacks as you move away! The rat bites you but does no damage.
Fire: a) +0 shortbow
Press: ? - help, Q - select action, (/) - cycle Shift-Dir - straight line, f - rat
Aim: a rat (inner flame, 63% to hit)
You shoot an arrow. The arrow hits the rat!
The rat explodes!
The fiery explosion engulfs you!
The fiery explosion engulfs the rat!
The rat explodes!
The fiery explosion engulfs the rat!
The rat explodes!
The fiery explosion engulfs the rat!
The rat explodes!
The fiery explosion engulfs the rat!!!
The rat explodes!
You are engulfed in blazing flames.
Ouch! That really hurt!
You die...

..# #...........### {{{ #......
..# #.......(.....# #[..... ).#
#.........(...#...{ #......
..#####.............#r{. #......
....................##r{ #####†#
..######............###{## #..
..#####........###..#.#{{#### ##.
..##....##......§§§§§§##{{..## #.
..##.######.....@§§§§........###.
.....# #.....§§§§###.......##.
###.## #......>.## #..........
##..## #........# #.......##.
##....#####........# ##.....###.
...##....##........# #..........
.#######.##..[.....####..........
## #......................... #
##..........###...........


There were no monsters in sight!

Vanquished Creatures
  An iguana (D:2)
  2 adders (D:2)
  A worm (D:2)
  An endoplasm (D:2)
  2 goblins (D:2)
  A hobgoblin (D:2)
  4 quokkas
  2 ball pythons
  3 bats
  A frilled lizard (D:1)
  11 rats (D:2)
29 creatures vanquished.

Notes
Turn   | Place    | Note
-------+----------+-------------------------------------------
     0 | D:1      | Danienth the Formicid Hunter began the quest for the Orb.
     0 | D:1      | Reached XP level 1. HP: 16/16 MP: 1/1
  1174 | D:1      | You fall into a shaft and drop 1 floor!
  1187 | D:2      | Reached XP level 2. HP: 22/23 MP: 2/2
  1412 | D:2      | Reached XP level 3. HP: 28/28 MP: 3/3
  1704 | D:2      | Reached XP level 4. HP: 9/35 MP: 4/4
  2032 | D:2      | Found the +5 robe of Night {Dark Will+ SInv}
  2038 | D:2      | Found Nyiput's Assorted Antiques.
  2060 | D:2      | Bought 2 amethyst potions for 37 gold pieces
  2206 | D:2      | Engulfed by a cloud of flame

Illustrated notes

Levels and vault maps discovered:
D:1:      matt_arrival_grand_opening, layout_basic
D:2:      layout_rooms, serial_shops, shop_statue, minmay_rat_hole

Skill      XL: |  1  2  3 |
---------------+----------+-----
Dodging        | 2 |  2.4
Stealth        | 2 |  2.6
Fighting       | 3 |  3.0
Ranged Weapons | |  4.4

Action                   |  1- 3 |  4- 6 || total
-------------------------+-------+-------++-------
Melee: Shortbow          |     1 |       ||     1
       Club              |    26 |       ||    26
       Trident           |    12 |     8 ||    20
 Fire: Shortbow          |    27 |    14 ||    41
 Abil: Dig               |     1 |       ||     1
  Use: Scroll            |     4 |     1 ||     5
Armor: Chain mail        |    26 |    18 ||    44
       Leather armour    |     1 |       ||     1
       Robe              |       |     3 ||     3
Dodge: Dodged            |    20 |    11 ||    31
